 Dungeon Sprint DCSS version 0.30-a0-840-ga523dec638 (webtiles) character file.

Game seed: 16158729831036957732

1227 dialectric the Basher (level 8, -2/57 HPs)
             Began as a Gargoyle Fighter on Mar 1, 2023.
             Was an Initiate of Trog.
             Slain by a polar bear (6 damage)
             ... in the Dungeon (Sprint II: "The Violet Keep of Menkaure").
             The game lasted 00:04:00 (555 turns).

dialectric the Basher (Gargoyle Fighter)             Turns: 555, Time: 00:04:01

Health: -2/57      AC: 17    Str: 17    XL:     8   Next: 48%
Magic:  8/8        EV: 10    Int:  8    God:    Trog [......]
Gold:   136        SH:  0    Dex: 15    Spells: 7/7 levels left

rFire   + . .      SeeInvis .    e - +0 battleaxe (venom)
rCold   . . .      Faith    .    (shield currently unavailable)
rNeg    + . .      Spirit   .    d - +0 chain mail {rF+}
rPois   ∞          Reflect  .    (no helmet)
rElec   +          Harm     .    (no cloak)
rCorr   .          Rampage  .    (no gloves)
Will    .....      Rage     3%   (no boots) Stlth NoTele +
                                 (no amulet)
HPRegen 0.29/turn                (no ring)
MPRegen 0.11/turn                (no ring)

@: mighty, hasted, quick
A: sickness immunity, AC +5, negative energy resistance 1, electricity
resistance, torment resistance 1, petrification resistance, agile 1, berserk 1,
weak 1
a: Renounce Religion


You were in the Dungeon.
You worshipped Trog.
Trog was noncommittal.
You visited 1 branch You collected 729 gold pieces.
You spent 593 gold pieces at shops.

Inventory:

Hand Weapons
 a - a +0 flail
 e - a +0 battleaxe of venom (weapon)
Armour
 b - a +0 scale mail
 c - a +0 buckler
 d - a +0 chain mail of fire resistance (worn)
Potions
 g - 3 potions of haste
 h - 2 potions of magic


   Skills:
 + Level 10.0 Fighting
 * Level 11.4 Maces & Flails
 + Level 9.7 Armour
 + Level 6.0 Dodging
 - Level 5.0 Shields


You had 7 spell levels left.
You didn't know any spells.
Your spell library was empty.

Dungeon Overview and Level Annotations

Branches:
Dungeon (1/1)

Altars:
Cheibriados
Dithmenos
Elyvilon
Fedhas
Gozag
Hepliaklqana
Kikubaaqudgha
Makhleb
Nemelex Xobeh
Okawaru
Qazlal
Ru
Sif Muna
Trog
Uskayaw
Vehumet
Wu Jian
Xom
Yredelemnul
Zin
The Shining One
Jiyva
Lugonu

Shops:
D [=:([[[(=!?!=?:

Annotations:
D exclusion: oklob plant


Innate Abilities, Weirdness & Mutations

You are immune to sickness and miasma.
Your stone body is resilient. (AC +5)
You are immune to poison.
You resist negative energy. (rN+)
You are resistant to electric shocks. (rElec)
You are resistant to unholy torment.
You are immune to petrification.
You are agile. (Dex +4, Str/Int -1)
You sometimes lose your temper in combat.
You are weak. (Str -2)


Message History

You slash the polar bear!
The polar bear is poisoned.
The polar bear is severely wounded.
You hit the polar bear but do no damage.
The polar bear is poisoned.
You slash the polar bear!
The polar bear is poisoned.
The polar bear bites you. The polar bear claws you.
The polar bear barely misses you. The polar bear completely misses you.
The polar bear claws you but does no damage. x2
The polar bear barely misses you.
The polar bear claws you but does no damage. x2
The hornet completely misses you.
Blink to where?
Press: ? - help, Dir - move target
As you read the scroll of blinking, it crumbles to dust.
The yaktaur wields a +0 arbalest.
The yaktaur shoots a bolt.
The bolt hits you!
You feel yourself speed up.
You enter the shallow water.
Moving in this stuff is going to be slow.
There's a creature in the doorway!
The polar bear attacks as you move away!
The polar bear bites you but does no damage.
The polar bear claws you. The polar bear closely misses you.
Found a coppery potion and a hand axe.
The polar bear goes berserk!
Found eight items.
The polar bear attacks as you move away!
The polar bear bites you!
* * * LOW HITPOINT WARNING * * *
The polar bear claws you.
* * * LOW HITPOINT WARNING * * *
The polar bear claws you but does no damage.
Found five items.
Found 5 stones, a potion of heal wounds, 3 boomerangs and a robe.
The polar bear bites you but does no damage.
The polar bear claws you but does no damage.
The polar bear barely misses you.
The polar bear attacks as you move away!
The polar bear bites you.
* * * LOW HITPOINT WARNING * * *
The polar bear claws you but does no damage.
The polar bear closely misses you. The polar bear bites you.
You die...

#### +.### }▓$$!?[$![▓
...# ...# ##▓$[$:)!((▓
#..## #..# .#▓$$=?!!!!▓
##..# +..# .#▓(!!$$[!(▓
.#..# #..# .#▓$?$!)?!!▓
#'..####..##.#▓!!$??!!)▓
.#.§..###...##▓▓▓▓▓▓▓+▓▓
##......~~~chh~h@~~~~...
#~~..§§.~#y########+###.
~§~~~§..~#_._._...#S~~#
§§~~§§~.~#._._._._#S§≈≈#
~§≈§~§§~~#_._._._.#~§§~§
~§≈≈§≈~§~#._._._._#~§~§≈
~≈§≈≈≈≈≈~#.._._._.#§§~~~
#≈≈≈###≈≈#..._._._#§~§~≈
#≈§#...._._.#~~§§


You could see 3 polar bears, a yaktaur, a hornet and 2 water moccasins.

Vanquished Creatures
  4 neqoxecs (D)
  2 water moccasins (D)
  4 necrophages (D)
  4 scorpions (D)
  A hell rat (D)
  3 worms (D)
18 creatures vanquished.

Vanquished Creatures (others)
  Menkaure (D)
1 creature vanquished.

Grand Total: 19 creatures vanquished

Notes
Turn   | Place    | Note
-------+----------+-------------------------------------------
     0 | D        | dialectric the Gargoyle Fighter began the quest for the
                  | Orb.
     0 | D        | Reached XP level 1. HP: 14/14 MP: 1/1
     8 | D        | Noticed a scorpion
     8 | D        | Noticed a scorpion
    13 | D        | Killed a scorpion
    14 | D        | Reached skill level 5 in Fighting
    14 | D        | Reached skill level 5 in Armour
    14 | D        | Reached skill level 5 in Shields
    14 | D        | Reached XP level 2. HP: 13/21 MP: 2/2
    14 | D        | Reached XP level 3. HP: 17/26 MP: 3/3
    17 | D        | Killed a scorpion
    18 | D        | Reached skill level 3 in Maces & Flails
    18 | D        | Reached XP level 4. HP: 21/32 MP: 4/4
    19 | D        | Noticed a scorpion
    19 | D        | Noticed a scorpion
    24 | D        | Killed a scorpion
    25 | D        | Reached skill level 4 in Maces & Flails
    25 | D        | Reached XP level 5. HP: 14/37 MP: 5/5
    31 | D        | Reached XP level 6. HP: 24/44 MP: 6/6
    36 | D        | Noticed a neqoxec
    36 | D        | Noticed a neqoxec
    41 | D        | Lost intelligence.
    47 | D        | Gained mutation: You sometimes lose your temper in combat.
                  | [a neqoxec]
    49 | D        | Killed a neqoxec
    50 | D        | Reached skill level 6 in Maces & Flails
    50 | D        | Reached skill level 5 in Dodging
    52 | D        | Gained mutation: You are frail. (-10% HP) [a neqoxec]
    54 | D        | Killed a neqoxec
    55 | D        | Reached skill level 7 in Maces & Flails
    55 | D        | Reached XP level 7. HP: 26/45 MP: 7/7
   162 | D        | Reached skill level 8 in Maces & Flails
   175 | D        | Reached skill level 9 in Maces & Flails
   175 | D        | Killed Menkaure
   207 | D        | Noticed a neqoxec
   209 | D        | Gained mutation: Your muscles are strong. (Str +4, Int/Dex
                  | -1) [a neqoxec]
   215 | D        | Killed a neqoxec
   216 | D        | Reached skill level 10 in Maces & Flails
   216 | D        | Reached XP level 8. HP: 31/51 MP: 8/8
   219 | D        | Found Isimir's Distillery.
   219 | D        | Found Goceutyh's Weapon Shoppe.
   219 | D        | Found Sionirub's Jewellery Emporium.
   219 | D        | Found Xeygowul's Jewellery Shoppe.
   219 | D        | Found Eruwas's Book Emporium.
   219 | D        | Found Taowoargh's Magic Scroll Shoppe.
   219 | D        | Found Omow's Distillery.
   219 | D        | Found Eptuxzasch's Magic Scroll Shoppe.
   220 | D        | Found Idghaocet's Armour Shoppe.
   220 | D        | Found Kura's Antique Armour Emporium.
   221 | D        | Found Rudgho Ilea's Antique Armour Emporium.
   221 | D        | Found Leaquos's Antique Weapon Shoppe.
   221 | D        | Noticed a great orb of eyes
   221 | D        | Noticed an oklob plant
   222 | D        | Found Hisupit's Jewellery Shoppe.
   222 | D        | Found Sobuatog's Armour Emporium.
   222 | D        | Found Rabazoiw's Book Shoppe.
   222 | D        | Noticed a shining eye
   223 | D        | Noticed a shining eye
   227 | D        | Lost mutation: Your muscles are strong. (Str +4, Int/Dex
                  | -1) [a neqoxec]
   231 | D        | Gained mutation: You are clumsy. (Dex -2) [a neqoxec]
   389 | D        | Noticed a shining eye
   401 | D        | Reached skill level 10 in Fighting
   401 | D        | Reached skill level 11 in Maces & Flails
   415 | D        | Bought a +0 chain mail of fire resistance for 149 gold
                  | pieces
   437 | D        | Bought a glowing battleaxe for 180 gold pieces
   459 | D        | Bought a potion of might for 48 gold pieces
   464 | D        | Bought a potion of haste for 120 gold pieces
   464 | D        | Bought a potion of mutation for 96 gold pieces
   464 | D        | Lost mutation: You are frail. (-10% HP) [potion of
                  | mutation]
   464 | D        | Lost mutation: You are clumsy. (Dex -2) [potion of
                  | mutation]
   464 | D        | Gained mutation: You are weak. (Str -2) [potion of
                  | mutation]
   464 | D        | Gained mutation: You are agile. (Dex +4, Str/Int -1)
                  | [potion of mutation]
   529 | D        | Found an iron altar of Okawaru.
   529 | D        | Found an opulent altar of Gozag.
   530 | D        | Found a sparkling altar of Nemelex Xobeh.
   530 | D        | Found a blossoming altar of Fedhas.
   531 | D        | Found a radiant altar of Vehumet.
   531 | D        | Found a burning altar of Makhleb.
   531 | D        | Found a white marble altar of Elyvilon.
   532 | D        | Found a hide-covered altar of Uskayaw.
   532 | D        | Found a corrupted altar of Lugonu.
   532 | D        | Found a shadowy altar of Dithmenos.
   533 | D        | Found a glowing silver altar of Zin.
   533 | D        | Found a bloodstained altar of Trog.
   533 | D        | Found an ancient bone altar of Kikubaaqudgha.
   534 | D        | Found a basalt altar of Yredelemnul.
   534 | D        | Found a shimmering blue altar of Sif Muna.
   534 | D        | Found a viscous altar of Jiyva.
   535 | D        | Found a shimmering altar of Xom.
   535 | D        | Found a sacrificial altar of Ru.
   537 | D        | Found a glowing golden altar of the Shining One.
   537 | D        | Found an ornate altar of the Wu Jian Council.
   537 | D        | Found a stormy altar of Qazlal.
   537 | D        | Found a snail-covered altar of Cheibriados.
   537 | D        | Found a hazy altar of Hepliaklqana.
   537 | D        | Noticed a hornet
   537 | D        | Noticed a polar bear
   537 | D        | Noticed a polar bear
   538 | D        | Noticed a yaktaur
   538 | D        | Noticed a polar bear
   544 | D        | Became a worshipper of Trog the Wrathful
   555 | D        | Slain by a polar bear

Illustrated notes

Levels and vault maps discovered:
D:        the_violet_keep_of_menkaure [sprint2_stairs_cluster_1,
          sprint2_shoproom, sprint2_temple, sprint2_basic_supplies,
          sprint2_obstacle_7, sprint2_obstacle_2, sprint2_obstacle_6,
          sprint2_obstacle_1, sprint2_obstacle_5, sprint2_timed_cluster_1,
          sprint2_smallroom_cluster_1, sprint2_smallroom_final_cluster_1,
          sprint2_transparent_cluster_1, sprint2_second_timed_cluster_1,
          sprint2_sniper_area_1, sprint2_heavy_combat_area_1,
          sprint2_mutation_trap_area_1, sprint2_forest_area_1,
          sprint2_light_combat_area_1, sprint2_behind_water_1,
          sprint2_near_end_vault_1]

Skill      XL: |  1  2  3  4  5  6  7  8 |
---------------+-------------------------+-----
Fighting       | 5 6 7 9 10 | 10.0
Armour         | 5 6 7 8 9 |  9.7
Dodging        | 2 3 4 5 6 |  6.0
Shields        | 5 |  5.0
Maces & Flails | 3 4 7 10 11 | 11.4

Action                     |  1- 3 |  4- 6 |  7- 9 || total
---------------------------+-------+-------+-------++-------
  Melee: Flail             |     8 |    23 |    65 ||    96
         Punch             |       |       |     1 ||     1
         Battleaxe         |       |       |     6 ||     6
    Use: Potion            |     1 |     2 |     4 ||     7
         Scroll            |       |       |     1 ||     1
 Armour: Scale mail        |     4 |     9 |    17 ||    30
         Chain mail        |       |       |    24 ||    24
  Dodge: Dodged            |     3 |    10 |    42 ||    55

Table legend: (Time is in decaauts)
 A = Elapsed time spent in this place.
 B = Non-inter-level travel time spent in this place.
 C = Inter-level travel time spent in this place.
 D = Time resting spent in this place.
 E = Time spent auto-exploring this place.
 F = Levels seen in this place.
 G = Mean time per level.
                   A        B        C        D        E       F      G
               +--------+--------+--------+--------+--------+-----+--------+
         Total |    608 |    608 |      0 |    104 |    161 |   1 |  608.0 |
       Dungeon |    608 |    608 |      0 |    104 |    161 |   1 |  608.0 |
               +--------+--------+--------+--------+--------+-----+--------+

Top non-repeatable levels by time:
       D: 608 daAuts
